 Dungeon Crawl Stone Soup version 0.29-a0-901-g46a8461d6a (webtiles) character file.

Game seed: 1053043378463728566

247232 Aviak the Tortoise (level 21, -1/198 HPs)
             Began as a Meteoran Berserker on July 23, 2022.
             Was a High Priest of Trog.
             Slain by a vault warden
             ... wielding a +0 long sword
              (37 damage)
             ... on level 3 of the Vaults.
             The game lasted 01:32:44 (18449 turns).

Aviak the Tortoise (Meteoran Berserker)            Turns: 18449, Time: 01:32:44

Health: -1/198     AC: 35    Str: 27    XL:     21   Next: 17%
Magic:  21/22      EV: 15    Int:  5    God:    Trog [*****.]
Gold:   152        SH: 33    Dex: 22    Spells: 20/20 levels left

rFire   + . .      SeeInvis .   E - +5 broad axe (vorpal)
rCold   + + .      Faith    .   w - +10 tower shield of Ignorance {rN+ Int-4}
rNeg    + + +      Spirit   .   P - +5 chain mail {rF+}
rPois   +          Reflect  .   k - +2 helmet
rElec   +          Harm     .   j - +2 cloak {rPois}
rCorr   +          Rampage  .   C - +0 pair of gloves
Will    ++++.                   H - +3 pair of mountain boots {steadfast, rC+}
Stlth   ..........              a - amulet of regeneration
HPRegen 2.23/turn               M - ring of Yqoemama {rElec Int-2 Dex+6 Slay+4 Stlth+}
MPRegen 0.18/turn               s - ring "Piopel" {*Slow rPois rC+ rN++ rCorr}

@: marked, strong-willed, on berserk cooldown, regenerating, glowing
A: sense surroundings 3, otherworldly, glowing, explore regen
}: 2/15 runes: serpentine, barnacled
a: Renounce Religion, Berserk, Trog's Hand, Brothers in Arms


You were on level 3 of the Vaults.
You worshipped Trog.
Trog was extremely pleased with you.
You visited 6 branches of the dungeon, and saw 34 of its levels.
You visited 1 bazaar.
You also visited: Gauntlet, Volcano and Wizlab.

You collected 2542 gold pieces.
You spent 2390 gold pieces at shops.

Inventory:

Hand Weapons
 E - a +5 vorpal broad axe (weapon)
Missiles
 K - 3 throwing nets (quivered)
Armour
 g - the +0 pair of gloves "Zoezillont" {rF- Str+3 Int+2}
   (You bought it in a shop in a bazaar)

   Str:       It affects your strength (+3).
   Int:       It affects your intelligence (+2).
   rF:        It makes you vulnerable to fire.
 j - a +2 cloak of poison resistance (worn)
 k - a +2 helmet (worn)
 w - the +10 tower shield of Ignorance (worn) {rN+ Int-4}
   (You found it in a Gauntlet)

   Int:       It affects your intelligence (-4).
   rN:        It protects you from negative energy.
 C - a +0 pair of gloves (worn)
 H - the +3 pair of mountain boots (worn) {steadfast, rC+}
   (You found it on level 4 of the Vaults)

   It prevents involuntary movement, except for blinking, teleportation, or
   banishment.
   rC:        It protects you from cold.
 P - a +5 chain mail of fire resistance (worn)
Jewellery
 a - an amulet of regeneration (around neck)
 e - the ring of Xolih {rElec AC+4}
   (You found it in a Gauntlet)

   [ring of protection]

   AC:        It affects your AC (+4).
   rElec:     It insulates you from electricity.
 l - the ring "Kistrus" {Fly rElec rN+ Dex-4}
   (You found it in a wizard's laboratory)

   [ring of flight]

   Dex:       It affects your dexterity (-4).
   rElec:     It insulates you from electricity.
   rN:        It protects you from negative energy.
   Fly:       It grants you flight.
 s - the ring "Piopel" (right hand) {*Slow rPois rC+ rN++ rCorr}
   (You took it off a minotaur in a Gauntlet)

   [ring of poison resistance]

   rC:        It protects you from cold.
   rPois:     It protects you from poison.
   rN:        It greatly protects you from negative energy.
   rCorr:     It protects you from acid and corrosion.
   *Slow:     It may slow you when you take damage.
 M - the ring of Yqoemama (left hand) {rElec Int-2 Dex+6 Slay+4 Stlth+}
   (You found it in a Gauntlet)

   [ring of dexterity]

   Int:       It affects your intelligence (-2).
   Dex:       It affects your dexterity (+6).
   Slay:      It affects your accuracy & damage with ranged weapons and melee
   (+4).
   rElec:     It insulates you from electricity.
   Stlth:     It makes you more stealthy.
Wands
 y - a wand of quicksilver (4)
 A - a wand of charming (17)
 B - a wand of flame (5)
 I - a wand of digging (3)
 R - a wand of mindburst (8)
 X - a wand of iceblast (6)
Scrolls
 b - 3 scrolls of silence
 c - a scroll of fog
 f - a scroll of noise {unknown}
 i - a scroll of blinking
 m - 3 scrolls of fear
 q - 3 scrolls of immolation
 r - 3 scrolls of vulnerability
 t - 2 scrolls of summoning
 u - 2 scrolls of torment
 z - 9 scrolls of teleportation
 J - 2 scrolls of identify
 O - 5 scrolls of magic mapping
 T - 3 scrolls of poison {unknown}
 Y - a scroll of amnesia {unknown}
Potions
 d - a potion of magic
 h - 7 potions of mutation
 n - 4 potions of curing
 p - 4 potions of lignification
 v - 3 potions of haste
 x - 3 potions of ambrosia
 D - 6 potions of flight
 F - a potion of heal wounds
 G - 3 potions of cancellation
 L - a potion of berserk rage
 N - 2 potions of attraction
 Q - 4 potions of resistance
 S - 9 potions of might
Miscellaneous
 o - a tin of tremorstones (1/2)
 V - a condenser vane (inert)
 Z - a box of beasts


   Skills:
 + Level 19.2 Fighting
 + Level 16.5(18.4) Axes
 - Level 14.0(17.2) Polearms
 + Level 20.6 Armour
 - Level 10.7 Dodging
 - Level 18.6 Shields
 - Level 11.4 Evocations


You had 20 spell levels left.
You didn't know any spells.
Your spell library was empty.

Dungeon Overview and Level Annotations

Branches:
Dungeon (15/15) Zot: 906   Temple (0/1) D:6            Lair (5/5) D:11 Zot: 93
 Shoals (4/4) Lair:3 Zot: 833   Snake (4/4) Lair:3 Zot: 117   Slime (0/5) Lair:5
    Orc (2/2) D:12 Zot: 347     Elf (0/3) Orc:2        Vaults (4/5) D:13 Zot: 1074
  Crypt (0/3) Vaults:3    Volcano (visited)          WizLab (visited)
Gauntlet (visited)
 Depths: D:15

Altars:
Fedhas
Sif Muna

Shops:
D:14 *   Orc:2 *!==   Snake:2 *[*   Vaults:1 :

Annotations:
D:6 2 transporters, Shym's ghost, novice GrEE
Lair:4 exclusions: 2 oklob plants and 4 more exclusions
Lair:5 exclusion: oklob plant
Snake:1 3 runed translucent doors, gabibbone's ghost, journeyman DsIE


Innate Abilities, Weirdness & Mutations

You passively map a large area around you.
You are easily found by Zot.
You glow in the dark.
You regain HP and MP as you explore.


Message History

You block the vault warden's attack. You block the tengu reaver's attack. x2
The tengu reaver claws you but does no damage.
You slice the vault warden!!
The vault warden is severely wounded.
The tengu reaver blocks your attack.
You feel sick. The vault warden completely misses you.
You block the tengu reaver's attack. x2
The tengu reaver claws you.
* * * LOW HITPOINT WARNING * * *
You block the vault warden's attack.
You slash the vault warden!
The vault warden is almost dead.
The tengu reaver blocks your attack.
You feel sick. You block the tengu reaver's attack.
The tengu reaver pecks you but does no damage.
You block the tengu reaver's attack.
The vault warden activates a sealing rune.
The tengu reaver points at you and mumbles some strange words.
The bolt of lightning hits you. You resist.
* * * LOW HITPOINT WARNING * * *
The tengu reaver attacks as you move away!
The tengu reaver closely misses you. You block the tengu reaver's attack.
The tengu reaver claws you but does no damage.
You feel sick. The vault warden blocks your attack.
The vault warden is almost dead.
You feel sick. You block the vault warden's attack. x2
The vault warden blocks your attack.
The vault warden is almost dead.
You feel sick.
You are no longer poisoned.
You block the vault warden's attack.
You barely miss the vault warden.
The vault warden is almost dead.
You feel yourself speed up.
The vault warden hits you with a +0 long sword!
* * * LOW HITPOINT WARNING * * *
You barely miss the vault warden.
The vault warden is almost dead.
The vault warden hits you with a +0 long sword!!!
You die...

#... ,.# ##**
#... .# .# *
#... ..# .# ,+.
...,*..# .# ,
#..##++##..# .+
* ,#..........#
.#,,
#.....))...# .#
*####p##########
## *
#...†@........#
.# ,, *
#.............#
.#, ,
#..########...#
.+,, *
#..#......#...#
.# , ,,*
#..#......#...#
.# ,
#..#......#...#
.#, ,,*
#..#....[.#...#
##* *
#..#......#...#
#..#...[..#...#


You could see a vault warden (strong).

Vanquished Creatures
  Vashnia (Snake:2)
  A Cloud Mage (WizLab)
  Asterion (Snake:4)
  Kirke (Snake:1)
  A tengu reaver (Vaults:3)
  Donald (Shoals:2)
  4 nagarajas (Snake:4)
  An orc warlord (Orc:1)
  A frost giant (D:14)
  3 vault wardens
  15 very ugly things
  The ghost of MoonlitKnight the Fighter, a journeyman MfGl of the Shining One (Lair:5)
  4 ironbound preservers
  An ironbound thunderhulk (Vaults:1)
  Azrael (Snake:2)
  2 spark wasps (WizLab)
  A minotaur (Gauntlet)
  6 dire elephants
  An ettin (Orc:2)
  Snorg (Orc:2)
  5 blizzard demons (WizLab)
  4 merfolk impalers
  A merfolk javelineer (Shoals:4)
  Josephine (D:13)
  Harold (Lair:1)
  2 great orbs of eyes (Vaults:2)
  3 yaktaur captains
  4 spriggan air magi (WizLab)
  5 vault guards
  A boulder beetle (Vaults:1)
  7 centaur warriors
  6 hydras
  5 ironbound frosthearts
  2 ogre magi (Orc:2)
  3 salamander tyrants
  An alligator (Lair:5)
  A catoblepas (Shoals:3)
  3 ghost crabs
  7 anacondas
  5 merfolk avatars
  8 merfolk aquamancers
  4 satyrs (Shoals:4)
  2 death yaks (Shoals:3)
  10 two-headed ogres
  7 naga warriors
  16 shock serpents
  11 naga sharpshooters
  3 salamander mystics
  Amaemon (D:9)
  16 deep trolls
  2 death drakes (WizLab)
  3 sea snakes
  5 naga ritualists
  2 wizards
  8 ironbound convokers
  2 deep elf zephyrmancers (Orc:1)
  4 harpies (Vaults:3)
  2 orc knights (Orc:1)
  7 mana vipers
  17 ugly things
  A mana viper (shapeshifter) (D:14)
  7 cyclopes
  3 orc sorcerers
  11 salamanders
  8 fauns
  8 manticores
  7 merfolk sirens
  31 black mambas
  A smoke demon (Volcano)
  18 elephants
  An apocalypse crab (WizLab)
  3 vault sentinels
  15 naga magi
  A guardian serpent (Snake:4)
  An orange demon (D:9)
  2 molten gargoyles (Volcano)
  A water nymph (Shoals:2)
  8 cane toads
  2 gargoyles
  6 rime drakes
  2 unseen horrors
  An eye of devastation (Gauntlet)
  14 yaktaurs
  2 unseen horror skeletons (D:9)
  2 kobold demonologists
  9 komodo dragons
  3 red devils (Volcano)
  3 meliai (D:14)
  15 merfolk
  7 wind drakes
  11 trolls
  A polar bear (Lair:5)
  2 hornets
  14 slime creatures
  Prince Ribbit (D:7)
  6 blink frogs
  4 dream sheep (Shoals:3)
  10 snapping turtles
  2 vampires
  4 wyverns
  9 water elementals
  13 air elementals (WizLab)
  2 fire bats (Volcano)
  6 wraiths
  2 basilisks
  Grum (D:10)
  Eustachio (D:4)
  25 yaks
  A fire elemental (Snake:2)
  2 golden eyes (Gauntlet)
  4 vampire mosquitoes (D:14)
  2 wargs
  41 nagas
  12 water moccasins
  4 hell hounds
  16 orc warriors
  A swamp drake (Orc:1)
  An ice beast (D:7)
  4 black bears
  20 ogres
  16 wolves
  10 centaurs
  8 bullfrogs
  4 kobold brigands
  A scorpion (D:5)
  2 gnoll sergeants
  A necrophage (D:7)
  6 killer bees (D:9)
  3 howler monkeys
  An electric eel (Lair:5)
  A jelly (D:6)
  4 lava snakes (Volcano)
  A crimson imp (Orc:1)
  A centaur zombie (D:9)
  14 orc priests
  A centaur skeleton (D:9)
  A gnoll bouda (D:6)
  2 hounds
  An iron imp (Orc:1)
  3 iguanas
  19 orc wizards
  A spectral howler monkey (D:9)
  8 adders
  16 gnolls
  A shadow imp (Orc:1)
  A white imp (Orc:1)
  An ufetubus (D:7)
  2 worms
  53 orcs
  6 ball pythons
  2 bats
  9 endoplasms
  3 giant cockroaches
  9 hobgoblins
  5 quokkas
  4 frilled lizards
  5 goblins
  15 kobolds
  2 rats
903 creatures vanquished.

Vanquished Creatures (collateral kills)
  Polyphemus (Shoals:3)
  A vault warden (Vaults:1)
  Louise (Shoals:4)
  A great orb of eyes (Gauntlet)
  A spriggan air mage (WizLab)
  2 centaur warriors
  3 merfolk aquamancers
  A satyr (Shoals:4)
  A death yak (Shoals:3)
  A death drake (WizLab)
  2 harpies (Shoals:4)
  An ugly thing (Gauntlet)
  A salamander (Snake:2)
  A faun (Shoals:4)
  A manticore (Shoals:4)
  2 merfolk sirens (Shoals:4)
  An apocalypse crab (WizLab)
  3 water nymphs
  3 yaktaurs (Vaults:1)
  A wind drake (Shoals:4)
  A snapping turtle (Shoals:4)
  An air elemental (WizLab)
  A fire elemental (Snake:2)
  A naga (Snake:2)
  2 orc warriors (Orc:1)
  2 orc priests (Orc:1)
  An orc wizard (Orc:1)
  An orc (Orc:1)
39 creatures vanquished.

Vanquished Creatures (others)
  A blizzard demon (WizLab)
  A ghost crab (WizLab)
  A two-headed ogre (Orc:1)
  A manticore (Shoals:4)
  A yaktaur (Vaults:1)
  5 humans (Snake:1)
  2 orc wizards (Orc:1)
  25 fungi
  159 plants
  11 toadstools (Lair:1)
207 creatures vanquished.

Grand Total: 1149 creatures vanquished

Notes
Turn   | Place    | Note
-------+----------+-------------------------------------------
     0 | D:1      | Aviak the Meteoran Berserker began the quest for the Orb.
     0 | D:1      | Reached XP level 1. HP: 19/19 MP: 2/2
    48 | D:1      | Found a faded altar of an unknown god.
   128 | D:1      | Reached XP level 2. HP: 26/26 MP: 3/3
   293 | D:1      | You fall into a shaft and drop 1 floor!
   330 | D:2      | Reached XP level 3. HP: 24/31 MP: 4/4
   493 | D:2      | Reached skill level 3 in Armour
   741 | D:2      | Reached XP level 4. HP: 40/40 MP: 5/5
   749 | D:2      | Identified the +3 leather armour of Ufabreong {Contam Int+3
                  | Stlth+}
   978 | D:2      | Reached ** piety under Trog
  1067 | D:2      | Glimpsed the power of Zot.
  1151 | D:3      | Reached XP level 5. HP: 38/46 MP: 6/6
  1636 | D:4      | Noticed Eustachio
  1696 | D:4      | Killed Eustachio
  1697 | D:4      | Reached skill level 5 in Polearms
  1697 | D:4      | Reached skill level 4 in Armour
  1697 | D:4      | Reached XP level 6. HP: 36/53 MP: 7/7
  1754 | D:5      | Entered Level 5 of the Dungeon
  1789 | D:5      | Noticed a black bear
  1797 | D:5      | Killed a black bear
  1798 | D:5      | Reached XP level 7. HP: 45/60 MP: 8/8
  1833 | D:4      | Reached skill level 5 in Fighting
  1841 | D:4      | Reached skill level 5 in Armour
  1851 | D:4      | Reached skill level 5 in Dodging
  2155 | D:6      | Found a transporter.
  2158 | D:6      | Noticed Shym's ghost (novice GrEE)
  2190 | D:6      | Reached XP level 8. HP: 60/68 MP: 9/9
  2213 | D:6      | Found a staircase to the Ecumenical Temple.
  2400 | D:6      | Found a transporter.
  2546 | D:7      | Reached skill level 6 in Armour
  2595 | D:7      | Gained mutation: You passively map the area around you.
                  | [Meteoran growth]
  2595 | D:7      | Reached XP level 9. HP: 45/75 MP: 10/10
  3008 | D:7      | Noticed Prince Ribbit
  3020 | D:7      | Killed Prince Ribbit
  3021 | D:7      | Reached skill level 7 in Armour
  3505 | D:8      | Reached *** piety under Trog
  3562 | D:9      | Noticed Amaemon
  3576 | D:9      | Noticed an orange demon
  3580 | D:9      | Killed Amaemon
  3581 | D:9      | Reached XP level 10. HP: 54/86 MP: 11/11
  3601 | D:9      | Killed an orange demon
  3602 | D:9      | Reached skill level 8 in Armour
  4129 | D:9      | Paralysed by a hornet for 2 turns
  4407 | D:9      | Reached skill level 9 in Armour
  4566 | D:10     | Entered Level 10 of the Dungeon
  4691 | D:10     | Reached XP level 11. HP: 82/95 MP: 12/12
  4902 | D:10     | Reached skill level 1 in Shields
  4923 | D:10     | Noticed Grum
  4944 | D:10     | Reached skill level 10 in Polearms
  4957 | D:10     | Killed Grum
  5038 | D:10     | Found a shimmering blue altar of Sif Muna.
  5180 | D:11     | Reached **** piety under Trog
  5183 | D:11     | Found a staircase to the Lair.
  5371 | D:11     | Noticed a seven-headed hydra
  5383 | D:11     | Killed a seven-headed hydra
  5384 | D:11     | Reached skill level 10 in Armour
  5384 | D:11     | Reached skill level 10 in Dodging
  5531 | Lair:1   | Entered Level 1 of the Lair of Beasts
  5532 | Lair:1   | Identified 2 scrolls of acquirement
  5540 | Lair:1   | Noticed an elephant
  5541 | Lair:1   | Acquired a +6 ring of intelligence
  5542 | Lair:1   | Acquired a manual of Shields
  5563 | Lair:1   | Killed an elephant
  5716 | Lair:1   | Noticed a black mamba
  5716 | Lair:1   | Noticed an elephant
  5718 | Lair:1   | Noticed a six-headed hydra
  5728 | Lair:1   | Killed a black mamba
  5739 | Lair:1   | Killed an elephant
  5740 | Lair:1   | Reached skill level 5 in Shields
  5745 | Lair:1   | Killed a six-headed hydra
  5746 | Lair:1   | Reached skill level 10 in Fighting
  5746 | Lair:1   | Reached XP level 12. HP: 106/106 MP: 13/13
  5838 | Lair:1   | Noticed Harold
  5854 | Lair:1   | Killed Harold
  5878 | Lair:1   | Reached skill level 11 in Armour
  6032 | Lair:2   | Found a gate leading to a gauntlet.
  6061 | Gauntlet | Entered a Gauntlet
  6067 | Gauntlet | Found a transporter.
  6067 | Gauntlet | Found a transporter.
  6074 | Gauntlet | Noticed a great orb of eyes
  6081 | Gauntlet | Found a transporter.
  6081 | Gauntlet | Found a transporter.
  6087 | Gauntlet | Noticed a ghost crab
  6090 | Gauntlet | Found a transporter.
  6115 | Gauntlet | Found a transporter.
  6130 | Gauntlet | Noticed a catoblepas
  6133 | Gauntlet | Found a transporter.
  6136 | Gauntlet | Found a transporter.
  6146 | Gauntlet | Found a transporter.
  6150 | Gauntlet | Found a transporter.
  6160 | Gauntlet | Found a transporter.
  6179 | Gauntlet | Found a transporter.
  6209 | Gauntlet | Found the +10 tower shield of Ignorance {rN+ Int-4}
  6316 | Gauntlet | Killed a great orb of eyes
  6324 | Gauntlet | Identified the ring of Xolih {rElec AC+4}
  6365 | Gauntlet | Killed a ghost crab
  6383 | Gauntlet | Identified the ring of Yqoemama {rElec Int-2 Dex+6 Slay+4
                  | Stlth+}
  6402 | Gauntlet | Identified the ring "Piopel" {*Slow rPois rC+ rN++ rCorr}
  6402 | Gauntlet | Noticed a minotaur
  6423 | Gauntlet | Killed a minotaur
  6457 | Lair:2   | Found a dark tunnel.
  6467 | Volcano  | Entered a volcano
  6564 | Volcano  | Found a radiant altar of Vehumet.
  6643 | Volcano  | Reached skill level 12 in Armour
  6643 | Volcano  | Reached XP level 13. HP: 116/116 MP: 14/14
  6663 | Volcano  | Paralysed by an orc sorcerer for 4 turns
  7028 | Lair:2   | Reached skill level 10 in Shields
  7431 | Lair:3   | Noticed a boulder beetle
  7538 | Lair:3   | Found a staircase to the Snake Pit.
  7699 | Lair:4   | Reached skill level 13 in Armour
  8065 | Lair:4   | Found a blossoming altar of Fedhas.
  8103 | Lair:4   | Noticed a five-headed hydra
  8115 | Lair:4   | Killed a five-headed hydra
  8255 | Lair:5   | Entered Level 5 of the Lair of Beasts
  8293 | Lair:5   | Reached XP level 14. HP: 113/127 MP: 15/15
  8361 | Lair:5   | Reached skill level 14 in Armour
  8423 | Lair:5   | Found a runed translucent gate.
  8423 | Lair:5   | Found a runed translucent gate.
  8423 | Lair:5   | Found a runed translucent gate.
  8440 | Lair:5   | Noticed MoonlitKnight's ghost (journeyman MfGl)
  8483 | Lair:5   | Reached skill level 1 in Evocations
  8668 | Lair:5   | HP: 5/129 [frozen (29)]
  8765 | Lair:5   | Reached skill level 15 in Shields
  8839 | Lair:5   | Killed MoonlitKnight's ghost
  9099 | Lair:5   | Reached skill level 5 in Evocations
  9207 | Lair:5   | Identified the +8 rapier of Cheibriados's Favour {venom,
                  | Contam +Blink rF+++ Dex-2}
  9414 | D:12     | Found a staircase to the Orcish Mines.
  9608 | D:12     | Reached XP level 15. HP: 136/136 MP: 16/16
 10054 | Orc:1    | Entered Level 1 of the Orcish Mines
 10062 | Orc:1    | Noticed an orc warlord
 10137 | Orc:1    | Killed an orc warlord
 10225 | Orc:1    | Reached ***** piety under Trog
 10438 | Orc:2    | Entered Level 2 of the Orcish Mines
 10590 | Orc:2    | Found a staircase to the Elven Halls.
 10655 | Orc:2    | Noticed Snorg
 10665 | Orc:2    | Killed Snorg
 10778 | Orc:2    | Found Tuvvinia's Jewellery Emporium.
 10857 | Orc:2    | Reached skill level 10 in Evocations
 10922 | Orc:2    | Found Xuanulil's Distillery.
 10924 | Orc:2    | Found Huusi Rae's Assorted Antiques.
 10930 | Orc:2    | Bought an amulet of regeneration for 390 gold pieces
 10943 | Orc:2    | Found Yjafre's Jewellery Shoppe.
 10946 | Orc:2    | Bought a scroll labelled SOEPLAFEIMN for 29 gold pieces
 10946 | Orc:2    | Bought a scroll labelled SOEPLAFEIMN for 29 gold pieces
 10946 | Orc:2    | Bought a scroll labelled IFOATWIMYNG for 29 gold pieces
 10973 | Orc:2    | Bought a potion of mutation for 120 gold pieces
 10973 | Orc:2    | Bought a potion of mutation for 120 gold pieces
 10973 | Orc:2    | Bought a potion of heal wounds for 75 gold pieces
 10973 | Orc:2    | Bought a potion of haste for 150 gold pieces
 10973 | Orc:2    | Bought a potion of might for 60 gold pieces
 11384 | D:13     | Noticed Josephine
 11395 | D:13     | Killed Josephine
 11396 | D:13     | Reached skill level 1 in Axes
 11396 | D:13     | Reached XP level 16. HP: 135/144 MP: 17/17
 11487 | D:13     | Found a gate to the Vaults.
 12087 | D:14     | Noticed a frost giant
 12100 | D:14     | Killed a frost giant
 12110 | D:15     | Entered Level 15 of the Dungeon
 12320 | D:14     | Found Hogi Miv's CLEARANCE SALE!.
 12327 | D:14     | Bought a scroll of identify for 4 gold pieces
 12791 | Snake:1  | Entered Level 1 of the Snake Pit
 12819 | Snake:1  | Reached skill level 5 in Axes
 12904 | Snake:1  | Noticed Kirke
 12920 | Snake:1  | Killed Kirke
 13079 | Snake:1  | Reached ****** piety under Trog
 13112 | Snake:1  | Found a runed translucent gate.
 13112 | Snake:1  | Found a runed translucent gate.
 13112 | Snake:1  | Found a runed translucent gate.
 13112 | Snake:1  | Noticed gabibbone's ghost (journeyman DsIE)
 13150 | Snake:1  | Reached skill level 15 in Armour
 13265 | Snake:1  | Reached XP level 17. HP: 152/152 MP: 18/18
 13310 | Snake:2  | Noticed Vashnia
 13319 | Snake:2  | Received a gift from Trog
 13349 | Snake:2  | Killed Vashnia
 13367 | Snake:2  | Noticed Azrael
 13391 | Snake:2  | Killed Azrael
 13464 | Snake:2  | Found Paha's General Store.
 13472 | Snake:2  | Bought a scroll of teleportation for 48 gold pieces
 13472 | Snake:2  | Bought a wand of quicksilver (1) for 67 gold pieces
 13480 | Snake:2  | Found Hingor's General Store.
 13497 | Snake:2  | Bought a potion of might for 56 gold pieces
 13497 | Snake:2  | Bought a scroll of teleportation for 42 gold pieces
 13497 | Snake:2  | Bought a box of beasts for 560 gold pieces
 13679 | Snake:3  | Reached skill level 16 in Armour
 13815 | Snake:3  | Reached skill level 15 in Fighting
 13859 | Snake:2  | Found Ybi Bofe's Antique Armour Boutique.
 13893 | Snake:4  | Entered Level 4 of the Snake Pit
 14048 | Snake:4  | Reached skill level 10 in Axes
 14050 | Snake:4  | Noticed a nagaraja
 14060 | Snake:4  | Killed a nagaraja
 14066 | Snake:4  | Received a gift from Trog
 14083 | Snake:4  | Noticed a nagaraja
 14093 | Snake:4  | Killed a nagaraja
 14118 | Snake:4  | Gained mutation: You passively map a large area around you.
                  | [Meteoran growth]
 14118 | Snake:4  | Reached XP level 18. HP: 74/163 MP: 19/19
 14377 | Snake:4  | Got a serpentine rune of Zot
 14500 | Snake:4  | Reached skill level 17 in Armour
 14543 | Snake:4  | Noticed Asterion
 14560 | Snake:4  | Killed Asterion
 14978 | Lair:3   | Glimpsed the power of Zot.
 15028 | Lair:3   | Glimpsed the power of Zot.
 15050 | Lair:3   | Found a staircase to the Shoals.
 15057 | Shoals:1 | Entered Level 1 of the Shoals
 15373 | Shoals:2 | You fall into a shaft and drop 1 floor!
 15485 | Shoals:3 | Received a gift from Trog
 15559 | Shoals:3 | Noticed Polyphemus
 15568 | Shoals:3 | Killed Polyphemus
 15672 | Shoals:4 | Entered Level 4 of the Shoals
 15691 | Shoals:3 | HP: 3/168 [poisoned by a sea snake]
 15890 | Shoals:4 | Noticed Louise
 15902 | Shoals:4 | Reached skill level 18 in Armour
 15917 | Shoals:4 | Reached XP level 19. HP: 105/174 MP: 20/20
 15943 | Shoals:4 | Killed Louise
 15973 | Shoals:4 | Got a barnacled rune of Zot
 16372 | Shoals:2 | Noticed Donald
 16400 | Shoals:2 | Killed Donald
 16510 | Lair:3   | Glimpsed the power of Zot.
 16519 | Lair:2   | Touched by the power of Zot.
 16621 | Lair:1   | Glimpsed the power of Zot.
 16703 | Vaults:1 | Entered Level 1 of the Vaults
 16719 | Vaults:1 | Received a gift from Trog
 16836 | Vaults:1 | Reached skill level 19 in Armour
 17121 | Vaults:1 | Found Foga's Book Emporium.
 17155 | Vaults:2 | Reached XP level 20. HP: 185/186 MP: 21/21
 17266 | Vaults:2 | Reached skill level 15 in Axes
 17287 | Vaults:2 | Received a gift from Trog
 17443 | Vaults:2 | You fall into a shaft and drop 2 floors!
 17468 | Vaults:4 | Found the +3 pair of mountain boots {steadfast, rC+}
 17575 | Vaults:4 | Found a flickering gateway to a bazaar.
 17587 | Bazaar   | Entered a bazaar
 17589 | Bazaar   | Found Wupnuuph's Antique Weapon Boutique.
 17593 | Bazaar   | Found Saejell's Armour Boutique.
 17593 | Bazaar   | Found Zitzot's Antique Armour Boutique.
 17594 | Bazaar   | Found Zagum's General Store.
 17608 | Bazaar   | Bought a pair of steaming gloves for 237 gold pieces
 17608 | Bazaar   | Identified the +0 pair of gloves "Zoezillont" {rF- Str+3
                  | Int+2} (You bought it in a shop in a bazaar)
 17608 | Bazaar   | Bought an embroidered cloak for 187 gold pieces
 17608 | Bazaar   | Bought a glowing helmet for 187 gold pieces
 17873 | Vaults:3 | Reached skill level 20 in Armour
 17998 | Vaults:3 | Found a magical portal.
 18009 | WizLab   | Entered The Chambers of the Cloud Mage
 18016 | WizLab   | Paralysed by an air elemental for 1 turns
 18021 | WizLab   | Paralysed by an air elemental for 1 turns
 18025 | WizLab   | Paralysed by an air elemental for 1 turns
 18037 | WizLab   | Paralysed by an air elemental for 1 turns
 18149 | WizLab   | Paralysed by an air elemental for 1 turns
 18177 | WizLab   | Paralysed by an air elemental for 1 turns
 18181 | WizLab   | Paralysed by an air elemental for 1 turns
 18188 | WizLab   | Paralysed by an air elemental for 1 turns
 18195 | WizLab   | Noticed Foen
 18213 | WizLab   | Killed Foen the Cloud Mage
 18214 | WizLab   | Reached XP level 21. HP: 54/198 MP: 22/22
 18246 | WizLab   | Paralysed by an air elemental for 1 turns
 18252 | WizLab   | Identified the ring "Kistrus" {Fly rElec rN+ Dex-4}
 18432 | Vaults:3 | Received a gift from Trog
 18449 | Vaults:3 | Slain by a vault warden

Illustrated notes

Levels and vault maps discovered:
D:1:      lemuel_arrival_cross, layout_loops_ring,
          shapermc_ecumenical_altar_ellora
D:2:      kennysheep_six_static_rooms, layout_loops_ring, uniq_sigmund
D:3:      minmay_spotlight, layout_loops_ring
D:4:      layout_loops_corners, nicolae_tso_carved_into_rock,
          uniq_blork_the_orc, uniq_eustachio, uniq_grinder, uniq_duvessa
D:5:      layout_loops_ring
D:6:      layout_basic, minmay_temple_entry_sparse_star, gammafunk_ghost_arena
D:7:      layout_basic, uniq_prince_ribbit1
D:8:      layout_rooms
D:9:      layout_loops_corners, hangedman_weighted_door, st_stairs_7,
          kennysheep_boxes, uniq_amaemon
D:10:     layout_irregular_city, lemuel_crystal_altar, kennysheep_cross_room,
          uniq_grum
D:11:     layout_cave_pools, grunt_lair_entry_orc_guard_hut
D:12:     layout_stronghold, david_orc_3
D:13:     layout_layer_cave, david_vaults_5, uniq_josephine
D:14:     kennysheep_funnel, layout_irregular_city, serial_park_tiny_pond,
          nicolae_shop_clearance
D:15:     grunt_enter_depths_magical_seal, layout_loops_corners, minivault_23,
          serial_shops, nicolae_diamond_shop,
          einodemon_armed_red_devil_minivault
Lair:1:   gammafunk_lair_enchanted_lake, layout_loops_ring, uniq_maggie,
          uniq_harold
Lair:2:   layout_cellular_growth, gauntlet_entry_generic,
          nicolae_volcano_entry_s_turn, lemuel_fruit_tree,
          infiniplex_staircase_pool_2
Lair:3:   layout_regular_city, minmay_shoals_entry_lonely_mermaid,
          guppyfry_snake_entry_garden, grunt_megastairs_5
Lair:4:   layout_regular_city, chequers_serial_rivers_small_b,
          hangedman_tree_tricks
Lair:5:   gammafunk_lair_ancient_temple, layout_regular_city,
          dpeg_slime_entry_corner, gammafunk_ghost_split, lemuel_old_faithful,
          infiniplex_staircase_pool, serial_bayou_shore_a
Shoals:1: layout_shoals, nicolae_shoals_aquamancer_cove
Shoals:2: layout_shoals, centaur_isle, uniq_donald
Shoals:3: cheibrodos_shoals_baths, layout_shoals, uniq_polyphemus
Shoals:4: shoals_end_grunt_garden, layout_shoals, nicolae_shop_gadgets,
          uniq_louise
Snake:1:  layout_honeycomb, ebering_ghost_rock_garden, grunt_ministairs_14,
          st_stairs_7, uniq_kirke
Snake:2:  layout_misc_corridors, serial_shops, shop, nicolae_shop_crystal,
          shop_fountains, uniq_vashnia, uniq_azrael
Snake:3:  cheibrodos_forgotten_conduit, layout_chambers
Snake:4:  minmay_snake_end_coiled, layout_layer_cave, uniq_asterion
Orc:1:    layout_caves, hangedman_minor_magic
Orc:2:    st_orc_open, layout_diamond_mine, uniq_snorg
Vaults:1: nicolae_vaults_big_ls, v_pattern_4, hangedman_vaults_nodes,
          nicolae_vaults_big_angled_halls, vaults_standard_mumra_lines,
          nicolae_vaults_border_crossing, grunt_vaults_hallway_long,
          ontoclasm_vaults_twist, v_alt_pattern_2, vaults_room_semicircle,
          layout_vaults_ring, serial_shops, nicolae_shop_trees
Vaults:2: v_alt_pattern_6, grunt_vaults_swirl,
          nicolae_vaults_diagonal_hallway_8, vaults_room_fancy_cross, v_misc_2,
          v_misc_29, dpeg_vaults_waves, v_alt_pattern_1,
          nicolae_vaults_gold_heap, ontoclasm_vaults_fault, v_alt_pattern_5,
          nicolae_vaults_mini_display_case, layout_vaults_omnicross
Vaults:3: mu_enter_wizlab_4, vaults_dpeg_diagonal, vaults_room_door_hall,
          v_alt_pattern_3, ontoclasm_vaults_ring_small,
          ontoclasm_vaults_shuriken, grunt_vaults_funnel, v_misc_1, v_misc_16,
          v_misc_13, minmay_crypt_entry_simple_plaza, v_misc_32,
          nicolae_vaults_angled_halls, vaults_room_door_hall,
          ontoclasm_vaults_shout, layout_vaults_omnibox, serial_shops,
          nicolae_shop_bloodbath_and_beyond
Vaults:4: v_misc_29, v_rooms_4, ontoclasm_vaults_tryst, v_misc_12,
          vaults_standard_mumra_x, v_pattern_2, grunt_vaults_focal,
          vaults_room_door_ring, nicolae_vaults_little_squares_4,
          nicolae_vaults_specimen_jars, v_misc_2, layout_vaults_omnigrid,
          serial_shops, bzr_in_the_mist

Skill      XL: |  1  2  3  4  5  6  7  8  9 10 11 12 13 14 15 16 17 18 19 20 |
---------------+-------------------------------------------------------------+-----
Polearms       | 4 5 6 8 9 11 12 13 14 | 14.0
Armour         | 3 4 5 6 7 9 10 12 13 14 15 16 18 19 20 | 20.6
Dodging        | 3 4 5 6 7 9 10 | 10.7
Fighting       | 4 5 6 7 8 10 11 12 13 14 15 16 17 19 | 19.2
Shields        | 5 9 13 16 18 | 18.6
Evocations     | 6 10 11 | 11.4
Axes           | 1 7 10 12 14 16 | 16.5

Action                   |  1- 3 |  4- 6 |  7- 9 | 10-12 | 13-15 | 16-18 | 19-21 || total
-------------------------+-------+-------+-------+-------+-------+-------+-------++-------
Melee: Spear             |    62 |   119 |   116 |   401 |  1574 |       |       ||  2272
       Punch             |     1 |       |       |       |       |       |       ||     1
       Halberd           |       |    73 |    27 |       |       |       |       ||   100
       Trident           |       |       |    61 |   145 |       |       |       ||   206
       Broad axe         |       |       |       |       |     9 |   905 |   632 ||  1546
Invok: Berserk           |     4 |     3 |    11 |    12 |    14 |     5 |     2 ||    51
       Trog's Hand       |       |     1 |     1 |     7 |     7 |     7 |     5 ||    28
       Brothers in Arms  |       |       |       |     1 |     4 |     5 |     3 ||    13
Evoke: Wand              |       |       |       |     7 |    15 |    22 |     3 ||    47
       Condenser vane    |       |       |       |       |     2 |     2 |     3 ||     7
       Box of beasts     |       |       |       |       |       |     1 |     1 ||     2
       Tin of tremorston |       |       |       |       |       |       |     2 ||     2
  Use: Potion            |     1 |     1 |       |     6 |     1 |     5 |     7 ||    21
       Scroll            |       |       |     5 |     6 |    11 |     8 |    11 ||    41
 Stab: Distracted        |       |       |       |       |       |     2 |     1 ||     3
       Petrified         |       |       |       |       |       |     6 |       ||     6
       Petrifying        |       |       |       |       |       |     1 |       ||     1
Armor: Animal skin       |     1 |       |       |       |       |       |       ||     1
       Leather armour    |     6 |    21 |       |       |       |       |       ||    27
       Ring mail         |       |    74 |    13 |       |       |       |       ||    87
       Scale mail        |       |       |    52 |   179 |    73 |       |       ||   304
       Skin              |       |       |       |    34 |       |       |       ||    34
       Chain mail        |       |       |       |       |   313 |   321 |   312 ||   946
Dodge: Dodged            |    21 |   117 |    69 |   194 |   273 |   232 |   223 ||  1129
Block: Buckler           |       |       |    18 |   101 |       |       |       ||   119
       Tower shield      |       |       |       |    90 |  1681 |  1648 |  1114 ||  4533
       Kite shield       |       |       |       |     2 |       |       |       ||     2

Table legend: (Time is in decaauts)
 A = Elapsed time spent in this place.
 B = Non-inter-level travel time spent in this place.
 C = Inter-level travel time spent in this place.
 D = Time resting spent in this place.
 E = Time spent auto-exploring this place.
 F = Levels seen in this place.
 G = Mean time per level.
                   A        B        C        D        E       F      G
               +--------+--------+--------+--------+--------+-----+--------+
         Total |  18523 |  16941 |   1582 |   1169 |   3281 |  38 |  487.4 |
       Dungeon |   8093 |   7201 |    892 |    750 |   3109 |  15 |  539.5 |
          Lair |   3107 |   2792 |    315 |     26 |    165 |   5 |  621.4 |
        Shoals |   1566 |   1500 |     66 |     84 |      0 |   4 |  391.5 |
     Snake Pit |   2282 |   2029 |    253 |     43 |      0 |   4 |  570.5 |
  Orcish Mines |    852 |    798 |     54 |      0 |      0 |   2 |  426.0 |
        Vaults |   1324 |   1324 |      0 |      0 |      0 |   4 |  331.0 |
        Bazaar |     53 |     53 |      0 |      0 |      0 |   1 |   53.0 |
       Volcano |    481 |    481 |      0 |    243 |      0 |   1 |  481.0 |
        Wizlab |    376 |    376 |      0 |     10 |      0 |   1 |  376.0 |
      Gauntlet |    386 |    386 |      0 |     10 |      7 |   1 |  386.0 |
               +--------+--------+--------+--------+--------+-----+--------+

Top non-repeatable levels by time:
    D:13: 1168 daAuts
     D:9: 1054 daAuts
  Lair:5: 910 daAuts
 Snake:4: 793 daAuts
     D:2: 766 daAuts
    D:12: 670 daAuts
     D:7: 661 daAuts
  Lair:1: 625 daAuts
  Lair:4: 601 daAuts
    D:11: 551 daAuts
 Snake:1: 547 daAuts
  Lair:3: 518 daAuts
Shoals:3: 517 daAuts
 Snake:3: 492 daAuts
    D:10: 487 daAuts
